AoeStats
← 2073457781

Arena

510568885Analyzed
4v4 RM · 1d ago on Oct 1, 2026· 45m 57s· 8 players
Game mode
Random Map
Map size
Large (8 player)
Population
200
Speed
Normal
Resources
Standard
Victory
Conquest
Starting age
Dark Age
Ending age
Imperial Age
RankedLock teamsTeams togetherTeam positionsShared explorationLock speedFull tech treeHidden civsTurbo modeCheats
Victory
Defeat
🇷🇴 Malay · Romania
965
+8
🇨🇿 Portuguese · Czechia
903
+10
🇮🇹 Portuguese · Italy
866
+11
🇸🇪 Teutons · Sweden
827
+12
🇨🇳 Khmer · China
855
-40
🇨🇳 Teutons · China
742
-10
🇨🇳 Britons · China
730
-9
🇨🇳 Spanish · China
693
-8
MrKuk
0:53 Loom
13:46 Feudal Age
13:53 Man-at-Arms
16:22 Wheelbarrow
16:29 Double-Bit Axe
22:30 Castle Age
24:41 Hand Cart
24:09 Horse Collar
24:42 Bow Saw
36:06 Gold Mining
36:07 Stone Mining
36:01 Crossbowman
37:49 Pikeman
38:30 Squires
38:15 Arson
40:35 Stone Shaft Mining
41:29 Caravan
41:59 Coinage
43:00 Heavy Plow
45:48 Imperial Age
professor
0:42 Loom
11:30 Feudal Age
12:16 Double-Bit Axe
13:13 Wheelbarrow
17:48 Castle Age
16:06 Horse Collar
19:07 Heavy Plow
21:49 Bow Saw
27:51 Imperial Age
25:46 Town Watch
27:47 Forging
29:48 Chemistry
33:58 Iron Casting
33:50 Husbandry
36:19 Blast Furnace
35:55 Scale Barding Armor
36:24 Conscription
36:44 Bloodlines
37:15 Thumb Ring
36:53 Light Cavalry
38:45 Chain Barding Armor
39:14 Hand Cart
39:17 Scale Mail Armor
39:49 Cavalier
42:07 Plate Barding Armor
44:30 Elite Skirmisher
Grubik
11:46 Feudal Age
12:14 Double-Bit Axe
17:24 Castle Age
16:16 Loom
16:44 Horse Collar
17:35 Stone Mining
24:04 Heavy Plow
28:22 Fletching
33:15 Imperial Age
31:34 Stone Shaft Mining
30:51 Gold Mining
31:07 Padded Archer Armor
31:17 Treadmill Crane
31:48 Masonry
31:37 Pikeman
32:03 Arson
33:16 Ballistics
32:54 Murder Holes
33:10 Fortified Wall
33:28 Leather Archer Armor
33:24 Forging
33:15 Scale Mail Armor
33:21 Scale Barding Armor
34:21 Wheelbarrow
35:04 Crop Rotation
35:09 Ring Archer Armor
35:15 Iron Casting
35:09 Conscription
34:24 Capped Ram
35:34 Bow Saw
35:51 Siege Engineers
36:28 Arquebus
37:44 Chemistry
38:02 Hand Cart
38:10 Elite Organ Gun
42:54 Two-Man Saw
Valahul
2:10 Loom
10:24 Feudal Age
11:04 Wheelbarrow
14:56 Horse Collar
18:02 Castle Age
16:13 Double-Bit Axe
16:21 Stone Mining
17:13 Gold Mining
24:02 Hand Cart
25:13 Stone Shaft Mining
25:08 Heavy Plow
25:49 Gold Shaft Mining
31:37 Imperial Age
30:42 Bow Saw
30:47 Forging
30:58 Elite Battle Elephant
31:40 Husbandry
33:53 Scale Barding Armor
34:24 Iron Casting
39:37 Blast Furnace
42:25 Crop Rotation
温华此生不用剑
10:24 Feudal Age
13:54 Double-Bit Axe
14:11 Horse Collar
16:46 Castle Age
16:38 Stone Mining
19:11 Stone Shaft Mining
19:10 Bow Saw
19:04 Heavy Plow
19:36 Loom
24:08 Gold Mining
25:06 Scale Mail Armor
32:05 Chain Mail Armor
35:41 Imperial Age
38:20 Cavalier
39:15 Bloodlines
39:23 Bloodlines
39:38 Pikeman
何以清尘
12:41 Feudal Age
13:20 Double-Bit Axe
19:04 Castle Age
17:49 Horse Collar
19:47 Heavy Plow
23:39 Treadmill Crane
25:13 Gold Mining
25:38 Bow Saw
25:45 Fortified Wall
26:18 Fletching
26:28 Padded Archer Armor
27:22 Pikeman
28:03 Squires
27:48 Arson
28:05 Elite Skirmisher
31:14 Forging
31:04 Scale Mail Armor
2073457781
12:29 Feudal Age
12:57 Horse Collar
13:09 Gold Mining
13:13 Stone Mining
13:16 Double-Bit Axe
16:10 Wheelbarrow
15:33 Stone Mining
19:07 Castle Age
21:35 Loom
22:52 Bow Saw
22:44 Heavy Plow
24:00 Hand Cart
30:02 Town Watch
30:45 Scale Barding Armor
30:37 Gold Mining
33:18 Stone Shaft Mining
34:04 Chain Barding Armor
34:08 Town Patrol
36:46 Imperial Age
35:47 Caravan
36:21 Coinage
35:52 Caravan
37:28 Elite Conquistador
39:49 Guilds
41:45 Plate Barding Armor
41:11 Scale Mail Armor
41:21 Forging
41:02 Fletching
41:12 Padded Archer Armor
40:48 Man-at-Arms
41:13 Gambesons
42:07 Banking
42:55 Long Swordsman
JunGouik
11:00 Feudal Age
20:00 Castle Age
21:09 Wheelbarrow
22:47 Hand Cart
22:48 Elite Skirmisher
31:06 Imperial Age
31:49 Pikeman
32:33 Heavy Cavalry Archer
40:11 Man-at-Arms
42:12 Cavalier
Connection lost

Rejoining the realm…

Still unreachable

The connection could not be restored.

Session expired

The server has moved on; the page needs a fresh start.